 Dungeon Crawl Stone Soup version 0.24.0-123-gd5b16e6ec5 (webtiles) character file.

Game seed: 217115745066541497, levelgen mode: deterministic

1059 Delamore the Cleaver (level 8, 0/64 HPs)
             Began as a Hill Orc Fighter on Dec 22, 2019.
             Slain by an orc warrior
             ... wielding a +0 mace
              (18 damage)
             ... on level 6 of the Dungeon.
             The game lasted 00:05:00 (5338 turns).

Delamore the Cleaver (Hill Orc Fighter)             Turns: 5338, Time: 00:05:01

Health: 0/64       AC: 12    Str: 25    XL:     8   Next: 27%
Magic:  8/8        EV:  4    Int: 12    God:
Gold:   221        SH:  9    Dex: 10    Spells: 7/7 levels left

rFire    . . .     SeeInvis .   a - +0 war axe
rCold    . . .     Gourm    .   c - +0 shield
rNeg     . . .     Faith    +   v - +0 plate armour
rPois    .         Spirit   .   A - +0 helmet of the Fiddle {Str+4 Int+4} (curse)
rElec    .         Reflect  .   (no cloak)
rCorr    +         Harm     .   (no gloves)
MR       .....                  (no boots)
Stlth    ..........             y - amulet of faith
HPRegen  0.20/turn              (no ring)
MPRegen  0.11/turn              s - ring of resist corrosion

@: no status effects
A: no striking features
a: no special abilities


You were on level 6 of the Dungeon.
You were not hungry.

You visited 2 branches of the dungeon, and saw 7 of its levels.

You collected 221 gold pieces.

Inventory:

Hand Weapons
 a - a +0 war axe (weapon)
Armour
 b - a +0 scale mail
 c - a +0 shield (worn)
 v - a +0 plate armour (worn)
 x - a +0 helmet
 A - the cursed +0 helmet of the Fiddle (worn) {Str+4 Int+4}
   (You found it on level 6 of the Dungeon)

   It affects your strength (+4).
   It affects your intelligence (+4).
   It has a curse placed upon it.
Jewellery
 q - an uncursed ring of ice
 s - a ring of resist corrosion (right hand)
 y - an amulet of faith (around neck)
Scrolls
 e - 6 scrolls of identify {unknown}
 i - a scroll of amnesia {unknown}
 j - 5 scrolls of remove curse {unknown}
 k - 2 scrolls of enchant armour {unknown}
 l - 2 scrolls of teleportation {unknown}
 r - 2 scrolls of magic mapping {unknown}
 t - a scroll of fear {unknown}
 w - a scroll of enchant weapon {unknown}
Potions
 d - a potion of might
 g - 3 potions of haste {unknown}
 h - 4 potions of heal wounds {unknown}
 m - a potion of curing {unknown}
 n - a potion of lignification {unknown}
 o - a potion of agility {unknown}
 p - 3 potions of invisibility {unknown}
 u - a potion of flight {unknown}
 z - a potion of brilliance {unknown}
 B - a potion of mutation {unknown}
Comestibles
 f - 4 rations
 C - 12 chunks of flesh


   Skills:
 - Level 3.6 Fighting
 + Level 12.2 Axes
 - Level 3.2 Armour
 - Level 3.2 Shields


You had 7 spell levels left.
You didn't know any spells.
Your spell library was empty.

Dungeon Overview and Level Annotations

Branches:
Dungeon (6/15)             Temple (1/1) D:4

Altars:
Cheibriados
Dithmenos
Elyvilon
Fedhas
Gozag
Hepliaklqana
Kikubaaqudgha
Makhleb
Nemelex Xobeh
Qazlal
Ru
Sif Muna
Trog
Uskayaw
Vehumet
Wu Jian
Yredelemnul
The Shining One

Annotations:
D:5 2 transporters, Menkaure


Message History

You closely miss the orc warrior.
The orc warrior is heavily wounded.
You hit the crimson imp. You hit the orc.
You kill the orc!
You block the crimson imp's attack.
Unknown command.
You closely miss the orc warrior.
The orc warrior is heavily wounded.
You hit the crimson imp.
The orc warrior hits you but does no damage.
You block the crimson imp's attack.
You barely miss the orc warrior.
The orc warrior is heavily wounded.
You slash the crimson imp!
You kill the crimson imp!
You block the orc warrior's attack.
Your shield and plate armour prevent you from hitting the orc warrior.
The orc warrior is heavily wounded.
The orc warrior hits you with a +0 mace!!
You die...

#........#
.........#
.........#
...$.....#
#........######
##..............
#......)o....... #
......)@# ..
..$###.)## .. #
##. ##..## .#
.#####.. #.#.# .#
... ..#.## ##).##
.##.# #.#.###..##
>...# ####.#...#.#
....# #....##.##.#
.'#######'.##.##.#


You could see an orc warrior.

Vanquished Creatures
  A phantom (D:5)
  A sky beast (D:5)
  2 ogres
  2 centaurs
  A bullfrog (D:6)
  3 crimson imps
  A bullfrog skeleton (D:6)
  A hound (D:5)
  A centaur skeleton (D:4)
  An orc wizard (D:6)
  An iguana (D:5)
  2 worker ants
  7 adders
  4 gnolls (D:6)
  A shadow imp (D:5)
  A worm (D:2)
  6 dart slugs
  2 leopard geckos (D:1)
  14 orcs
  4 giant cockroaches
  9 goblins
  6 hobgoblins
  3 ball pythons
  5 bats
  6 frilled lizards
  7 kobolds
  A leopard gecko skeleton (D:6)
  7 rats
100 creatures vanquished.

Notes
Turn   | Place    | Note
-------+----------+-------------------------------------------
     0 | D:1      | Delamore the Hill Orc Fighter began the quest for the Orb.
     0 | D:1      | Reached XP level 1. HP: 19/19 MP: 1/1
    24 | D:1      | Reached skill level 3 in Axes
    46 | D:1      | Reached XP level 2. HP: 24/26 MP: 2/2
    79 | D:1      | Reached skill level 4 in Axes
   333 | D:1      | Reached XP level 3. HP: 26/31 MP: 3/3
   853 | D:2      | Reached skill level 5 in Axes
  1091 | D:2      | Found a burning altar of Makhleb.
  1578 | D:3      | Reached XP level 4. HP: 39/39 MP: 4/4
  2018 | D:3      | Reached skill level 6 in Axes
  2144 | D:3      | Found a hide-covered altar of Uskayaw.
  2395 | D:3      | Found a snail-covered altar of Cheibriados.
  2489 | D:4      | Reached XP level 5. HP: 39/45 MP: 5/5
  2493 | D:4      | Reached skill level 7 in Axes
  2583 | D:4      | Found a blossoming altar of Fedhas.
  2586 | D:4      | Noticed a centaur
  2910 | D:4      | Killed a centaur
  2910 | D:4      | Reached skill level 8 in Axes
  2910 | D:4      | Reached XP level 6. HP: 51/51 MP: 6/6
  2922 | D:4      | Found a radiant altar of Vehumet.
  3034 | D:4      | Found a staircase to the Ecumenical Temple.
  3056 | D:4      | Found a shadowy altar of Dithmenos.
  3067 | Temple   | Entered the Ecumenical Temple
  3776 | D:4      | Found a sparkling altar of Nemelex Xobeh.
  3915 | D:5      | Entered Level 5 of the Dungeon
  3930 | D:5      | Reached skill level 9 in Axes
  4064 | D:5      | Noticed a sky beast
  4081 | D:5      | Killed a sky beast
  4081 | D:5      | Reached XP level 7. HP: 57/57 MP: 7/7
  4099 | D:5      | Reached skill level 10 in Axes
  4562 | D:5      | Reached skill level 11 in Axes
  4869 | D:5      | Reached XP level 8. HP: 62/64 MP: 8/8
  4876 | D:5      | Found a transporter.
  4877 | D:5      | Found a basalt altar of Yredelemnul.
  4877 | D:5      | Noticed Menkaure
  4878 | D:5      | Found an ancient bone altar of Kikubaaqudgha.
  4919 | D:5      | Found a transporter.
  5143 | D:6      | Got a steaming helmet
  5154 | D:6      | Identified the cursed +0 helmet of the Fiddle {Str+4 Int+4}
                  | (You found it on level 6 of the Dungeon)
  5241 | D:6      | Reached skill level 12 in Axes
  5271 | D:6      | Found a sacrificial altar of Ru.
  5338 | D:6      | Slain by an orc warrior

Levels and vault maps discovered:
D:1:      dpeg_arrival_pits, layout_loops_corners
D:2:      layout_basic, bloody_makhleb, serial_glass, glass_columns_b,
          glass_columns_a, feat_on_display, feat_on_display, item_on_display_a
D:3:      layout_loops_corners, kennysheep_slug_shrine,
          overflow_temple_1_default, first_ration
D:4:      layout_basic, lemuel_crystal_altar, kennysheep_mini,
          lemuel_round_altar, minmay_temple_entry_wispy, minivault_19,
          fedhas_bush_and_centaur_altar
D:5:      layout_basic, gammafunk_temple_of_torment
D:6:      layout_loops_ring, nicolae_ru_great_annihilating_truth,
          kennysheep_crisscross
Temple:   jpeg_temple_island

Skill      XL: |  1  2  3  4  5  6  7  8 |
---------------+-------------------------+-----
Axes           | 3 4 5 6 8 9 11 12 | 12.2
Fighting       | |  3.6
Armour         | |  3.2
Shields        | |  3.2

Action                   |  1- 3 |  4- 6 |  7- 9 || total
-------------------------+-------+-------+-------++-------
Melee: War axe           |   104 |   140 |   145 ||   389
 Stab: Invisible         |       |       |     2 ||     2
       Paralysed         |       |       |     1 ||     1
  Eat: Chunk             |     2 |     5 |     4 ||    11
       Ration            |       |     1 |       ||     1
Armor: Scale mail        |    47 |    21 |       ||    68
       Plate armour      |       |    53 |    65 ||   118
Dodge: Dodged            |    31 |    25 |    16 ||    72
Block: Shield            |    46 |    64 |    53 ||   163
